 Dungeon Crawl Stone Soup version 0.25-b1-50-g7b83aa72e5 (webtiles) character file.

Game seed: 18349414880109918679

57838 Fascinator the Warrior (level 14, -2/102 HPs)
             Began as a Gargoyle Berserker on June 12, 2020.
             Was a High Priest of Trog.
             Engulfed by an ice statue's freezing vapour (22 damage)
             ... in an ice cave.
             The game lasted 01:38:58 (24741 turns).

Fascinator the Warrior (Gargoyle Berserker)        Turns: 24741, Time: 01:38:59

Health: -2/102     AC: 30    Str: 25    XL:     14   Next: 87%
Magic:  19/19      EV: 24    Int: 11    God:    Trog [*****.]
Gold:   298        SH: 26    Dex:  9    Spells: 13/13 levels left

rFire    + . .     SeeInvis +   P - +9 trident "Ogre's Funeral" {vorpal, rElec rF+ Str-4 SInv}
rCold    x . .     Gourm    .   k - +8 tower shield of the Tortoise {rC- rCorr Int+3}
rNeg     + . .     Faith    .   F - +0 plate armour "Sipiazxaen" {+Inv} (curse)
rPois    ∞         Spirit   .   r - +0 helmet "Woczij" {Int+2 Slay+3}
rElec    +         Reflect  .   v - +0 cloak
rCorr    +         Harm     .   M - +2 pair of gloves {Str+3}
MR       +....                  j - +0 pair of boots
Stlth    ..........             y - amulet of the acrobat
HPRegen  0.00/turn              (no ring)
MPRegen  0.16/turn              L - +4 ring of evasion

@: acrobat, flying
A: big wings, deformed body, dopey 1, negative energy resistance 1, electricity
resistance, inhibited regeneration, unbreathing, petrification resistance, rot
immunity, AC +10
a: Stop Flying, Berserk, Trog's Hand, Brothers in Arms, Renounce Religion, Evoke
Invisibility


You were in an ice cave.
You worshipped Trog.
Trog was extremely pleased with you.
You were very hungry.

You visited 3 branches of the dungeon, and saw 20 of its levels.
You also visited: Ice Cave.

You collected 2487 gold pieces.
You spent 2189 gold pieces at shops.

Inventory:

Hand Weapons
 d - a +2 hand crossbow of freezing
 w - a +0 shortbow of flaming
 K - the +9 quarterstaff of a bazaar {antimagic, rPois rC+ MR+ Int+3}
   (Trog gifted it to you on level 10 of the Dungeon)

   It reduces the magical energy of the wielder, and disrupts the spells and
   magical abilities of those hit.
   Natural abilities and divine invocations are not affected.
   It affects your intelligence (+3).
   It protects you from cold.
   It protects you from poison.
   It affects your resistance to hostile enchantments.
 P - the +9 trident "Ogre's Funeral" (weapon) {vorpal, rElec rF+ Str-4 SInv}
   (You found it on level 4 of the Lair of Beasts)

   It inflicts extra damage upon your enemies.
   It affects your strength (-4).
   It protects you from fire.
   It insulates you from electricity.
   It lets you see invisible.
Missiles
 e - 293 arrows
 g - 75 boomerangs
 t - 81 bolts
 x - 8 boomerangs of dispersal
 A - a stone (quivered)
 B - a throwing net
 C - 9 javelins
Armour
 j - a +0 pair of boots (worn)
 k - the +8 tower shield of the Tortoise (worn) {rC- rCorr Int+3}
   (You bought it in a shop on level 2 of the Orcish Mines)

   It affects your intelligence (+3).
   It makes you vulnerable to cold.
   It provides partial protection from all sources of acid and corrosion.
 r - the +0 helmet "Woczij" (worn) {Int+2 Slay+3}
   (You bought it in a shop on level 2 of the Orcish Mines)

   It affects your intelligence (+2).
   It affects your accuracy and damage with ranged weapons and melee attacks
   (+3).
 v - a +0 cloak (worn)
 F - the cursed +0 plate armour "Sipiazxaen" (worn) {+Inv}
   (You bought it in a shop on level 2 of the Orcish Mines)

   It lets you turn invisible.
   It has a curse placed upon it.
 M - a +2 pair of gloves of strength (worn)
Jewellery
 b - an uncursed ring of resist corrosion
 y - an amulet of the acrobat (around neck)
 L - a +4 ring of evasion (right hand)
 S - an uncursed ring of protection from magic
 U - an uncursed ring of protection from cold
Wands
 p - a wand of acid (12)
 z - a wand of iceblast (14)
 D - a wand of disintegration (15)
 G - a wand of paralysis (8)
 I - a wand of flame (36)
 O - a wand of random effects (48)
 R - a wand of clouds (11)
Scrolls
 a - a scroll of fog
 f - a scroll of fear
 i - 2 scrolls of identify
 l - 5 scrolls of remove curse
 o - 14 scrolls of teleportation
 s - 3 scrolls of enchant weapon
 H - a scroll of enchant armour
 J - 6 scrolls of blinking
Potions
 h - 7 potions of curing
 m - a potion of might
 n - 3 potions of resistance
 q - a potion of lignification {unknown}
 u - 2 potions of mutation
 E - a potion of haste
 T - a potion of invisibility
Comestibles
 c - 51 rations


   Skills:
 * Level 17.0 Fighting
   Level 3.3 Maces & Flails
 + Level 7.3 Polearms
 + Level 14.5 Armour
 - Level 1.6 Dodging
 + Level 9.9 Shields
 * Level 7.9 Evocations


You had 13 spell levels left.
You didn't know any spells.
Your spell library was empty.

Dungeon Overview and Level Annotations

Branches:
Dungeon (12/15)            Temple (0/1) D:7            Lair (6/6) D:11
  Swamp (0/4) Lair:4        Snake (0/4) Lair:3        Slime (0/5) Lair:5
    Orc (2/2) D:11            Elf (0/3) Orc:2         IceCv (1/1)

Altars:
Cheibriados
Elyvilon
Fedhas
Okawaru
Qazlal
Trog
Uskayaw
Yredelemnul
Zin
Beogh
Jiyva

Shops:
Orc:1 =   Orc:2 =[[![

Annotations:
IceCv exclusion: 2 ice statues


Innate Abilities, Weirdness & Mutations

You are resistant to torment.
Your stone body is resilient. (AC +10)
You are immune to poison.
Your large and strong wings let you fly indefinitely.
You resist negative energy. (rN+)
You are resistant to electric shocks. (rElec)
You can survive without breathing.
You are immune to petrification.
You are immune to rotting.
Armour fits poorly on your strangely shaped body.
You are dopey. (Int -2)
You do not regenerate when monsters are visible.


Message History

You are engulfed in freezing vapours.
You are engulfed in freezing vapours.
The ice statue gestures. x2
Your iron troll bites the ice statue but does no damage.
Your iron troll claws the ice statue!! x2
You are engulfed in freezing vapours.
* * * LOW HITPOINT WARNING * * *
The ice statue gestures at your iron troll.
The freezing blast engulfs your iron troll.
Your iron troll resists.
Your iron troll is engulfed in freezing vapours.
Your iron troll bites the ice statue!!!
The ice statue is destroyed!
Trog accepts your kill.
The ice beast disappears in a puff of smoke!
You are engulfed in freezing vapours.
You impale the ice beast!!
The ice beast is almost dead.
You are engulfed in freezing vapours.
You die...

##.....##
###.###
##.....##
##.......##
#.........#
#.........#
#.........#
#......°..#
#....@..!(#
#####Y#####
#○T○○○.°.8#
#○○○○.....#
#○.○☼.....#
#.........#
#.........#
##.......##
##.....##


You could see an ice beast (summoned).

Vanquished Creatures
  A stone giant (Orc:2)
  A fire dragon (Lair:4)
  4 hydras
  A two-headed ogre (D:11)
  An obsidian statue (D:10)
  A deep elf mage (D:12)
  7 orc sorcerers
  2 oklob plants (D:11)
  A manticore (D:12)
  15 elephants
  The ghost of Skodnik20 the Cudgeler, a novice MiBe of Trog (D:6)
  2 centaur zombies
  25 spiny frogs
  4 black mambas
  A rime drake (Lair:5)
  8 komodo dragons
  A kobold demonologist (D:10)
  5 trolls
  2 queen bees
  4 tyrant leeches (Lair:6)
  19 blink frogs
  8 hippogriffs
  3 bog bodies (Lair:4)
  6 dream sheep
  A shadow (D:11)
  2 wyverns
  2 basilisks
  25 yaks
  A steam dragon (Lair:3)
  Eustachio (D:6)
  6 wargs (Orc:2)
  6 vampire mosquitoes (Lair:6)
  A soldier ant (D:10)
  A swamp worm (Lair:4)
  4 nagas (Lair:3)
  11 water moccasins
  9 porcupines
  14 orc warriors
  A black bear (D:9)
  A sky beast (D:7)
  8 necrophages
  3 phantoms
  11 ogres
  4 centaurs
  10 ice beasts
  11 crocodiles
  3 big kobolds
  Blork the orc (D:6)
  24 bullfrogs
  A wyvern zombie (D:6)
  4 scorpions
  A water moccasin skeleton (D:6)
  38 killer bees
  2 electric eels
  3 wights (D:11)
  4 crimson imps
  2 bullfrog zombies
  7 hounds
  5 jellies
  16 orc priests
  A centaur skeleton (D:7)
  A bullfrog skeleton (D:12)
  4 iguanas
  42 orc wizards
  9 worker ants
  A killer bee zombie (D:8)
  A worker ant zombie (D:7)
  4 gnolls (D:7)
  11 adders
  A howler monkey skeleton (D:6)
  A shadow imp (D:5)
  12 white imps (D:12)
  2 oozes
  An adder zombie (D:9)
  A worm (D:5)
  4 dart slugs
  107 orcs
  5 giant cockroaches
  8 goblins
  4 hobgoblins
  15 jackals
  19 kobolds
  6 quokkas
  A ball python (D:1)
  5 bats
  3 frilled lizards (D:1)
  7 rats
  2 plants (D:11)
645 creatures vanquished.

Vanquished Creatures (collateral kills)
  Urug (D:11)
  Sonja (D:11)
  An elephant (Lair:5)
  An ice statue (IceCv)
  A troll (D:8)
  An ice beast (D:8)
  A sky beast (D:8)
  A centaur zombie (D:8)
  An orc priest (D:8)
  An orc wizard (D:8)
  2 orcs (D:8)
12 creatures vanquished.

Vanquished Creatures (others)
  An ugly thing (IceCv)
  An orc wizard (D:10)
  An orc (Orc:1)
  A bush (Lair:6)
  10 fungi
  29 plants
43 creatures vanquished.

Grand Total: 700 creatures vanquished

Notes
Turn   | Place    | Note
-------+----------+-------------------------------------------
     0 | D:1      | Fascinator the Gargoyle Berserker began the quest for the
                  | Orb.
     0 | D:1      | Reached XP level 1. HP: 14/14 MP: 1/1
   186 | D:1      | Reached XP level 2. HP: 17/19 MP: 2/2
   754 | D:1      | Reached skill level 4 in Fighting
   754 | D:1      | Reached XP level 3. HP: 20/24 MP: 3/3
   993 | D:1      | Reached ** piety under Trog
  1552 | D:2      | Reached XP level 4. HP: 21/30 MP: 4/4
  1736 | D:2      | Found a hide-covered altar of Uskayaw.
  2180 | D:2      | Reached skill level 5 in Fighting
  2347 | D:3      | Reached XP level 5. HP: 35/35 MP: 5/5
  3442 | D:3      | Found a faded altar of an unknown god.
  3449 | D:3      | Reached XP level 6. HP: 41/41 MP: 6/6
  3512 | D:4      | Noticed a phantom
  3538 | D:4      | Killed a phantom
  3538 | D:4      | Reached skill level 5 in Armour
  3695 | D:4      | Reached *** piety under Trog
  3695 | D:4      | Reached skill level 6 in Fighting
  3960 | D:4      | Reached XP level 7. HP: 40/46 MP: 7/7
  4607 | D:5      | Entered Level 5 of the Dungeon
  5092 | D:5      | Reached skill level 7 in Fighting
  5238 | D:5      | Reached XP level 8. HP: 9/53 MP: 8/8
  5835 | D:6      | Found a runed translucent door.
  5835 | D:6      | Noticed Skodnik20's ghost (novice MiBe)
  6159 | D:6      | Reached skill level 8 in Fighting
  6257 | D:6      | Noticed Blork the orc
  6264 | D:6      | Killed Blork the orc
  6264 | D:6      | Reached XP level 9. HP: 56/59 MP: 9/9
  6315 | D:6      | Reached skill level 10 in Armour
  6469 | D:6      | Noticed Eustachio
  6482 | D:6      | Killed Eustachio
  6482 | D:6      | Reached **** piety under Trog
  6671 | D:6      | Found a glowing silver altar of Zin.
  6911 | D:6      | Killed Skodnik20's ghost
  6911 | D:6      | Reached skill level 9 in Fighting
  7317 | D:7      | Found a staircase to the Ecumenical Temple.
  7470 | D:7      | Reached skill level 1 in Shields
  7470 | D:7      | Reached XP level 10. HP: 65/67 MP: 10/10
  7761 | D:8      | Reached skill level 10 in Fighting
  7976 | D:8      | Reached skill level 1 in Evocations
  8235 | D:8      | Found a snail-covered altar of Cheibriados.
  8238 | D:8      | Found a blossoming altar of Fedhas.
  8239 | D:8      | Found a basalt altar of Yredelemnul.
  8264 | D:8      | Found an iron altar of Okawaru.
  8264 | D:8      | Found a stormy altar of Qazlal.
  8273 | D:8      | Found a white marble altar of Elyvilon.
  8298 | D:8      | Reached ***** piety under Trog
  8516 | D:8      | Found a bloodstained altar of Trog.
  8829 | D:9      | Reached skill level 5 in Shields
  9387 | D:10     | Entered Level 10 of the Dungeon
  9387 | D:10     | Noticed an obsidian statue
  9618 | D:10     | Reached XP level 11. HP: 71/73 MP: 12/12
  9629 | D:10     | Received a gift from Trog
  9629 | D:10     | Reached skill level 11 in Fighting
  9646 | D:10     | Got a bloodstained quarterstaff {god gift}
  9652 | D:10     | Identified the +9 quarterstaff of a bazaar {antimagic,
                  | rPois rC+ MR+ Int+3} (Trog gifted it to you on level 10 of
                  | the Dungeon)
 10514 | D:11     | Noticed an eight-headed hydra
 10575 | D:11     | Killed an 11-headed hydra
 10660 | D:11     | Noticed Urug
 10668 | D:11     | Killed Urug
 10719 | D:11     | Found a staircase to the Lair.
 10719 | D:11     | Noticed an oklob plant
 10725 | D:11     | Noticed an oklob plant
 10923 | D:11     | Killed an oklob plant
 10951 | D:11     | Killed an oklob plant
 11107 | D:11     | Reached skill level 12 in Fighting
 11204 | D:11     | Noticed Sonja
 11213 | D:11     | Killed Sonja
 11294 | D:11     | Noticed a two-headed ogre
 11297 | D:11     | Killed a two-headed ogre
 11299 | D:11     | Found a roughly hewn altar of Beogh.
 11332 | D:11     | Found a staircase to the Orcish Mines.
 11784 | Lair:1   | Entered Level 1 of the Lair of Beasts
 12083 | Lair:1   | Noticed a six-headed hydra
 12090 | Lair:1   | Killed a six-headed hydra
 12090 | Lair:1   | Reached skill level 13 in Fighting
 12090 | Lair:1   | Reached XP level 12. HP: 80/84 MP: 5/15
 13251 | Lair:2   | Reached skill level 14 in Fighting
 13542 | Lair:2   | Got a glimmering dagger
 13543 | Lair:2   | Identified the cursed +2 dagger "Ewuehos" {venom, Dex+2}
                  | (You found it on level 2 of the Lair of Beasts)
 13977 | Lair:2   | Identified a scroll of acquirement
 14124 | Lair:2   | Reached skill level 5 in Evocations
 14529 | Lair:3   | Reached skill level 15 in Fighting
 14748 | Lair:3   | Reached XP level 13. HP: 81/92 MP: 5/17
 14916 | Lair:3   | Found a staircase to the Snake Pit.
 15739 | Lair:3   | Got a smoking ring mail
 15740 | Lair:3   | Identified the cursed +0 ring mail "Agotza" {rPois MR+}
                  | (You found it on level 3 of the Lair of Beasts)
 16138 | Lair:4   | Got a fine trident
 16248 | Lair:4   | Got a translucent great sword
 16711 | Lair:4   | Found a staircase to the Swamp.
 17142 | Lair:4   | Noticed a fire dragon
 17146 | Lair:4   | Killed a fire dragon
 17158 | Lair:4   | Got a twitching iron ring
 17246 | Lair:4   | Identified the +2 great sword "Methuuf" {vorpal, rPois
                  | Dex+6 Stlth-} (You found it on level 4 of the Lair of
                  | Beasts)
 17247 | Lair:4   | Identified the ring "Ukkier" {*Slow EV+4 Int+5} (You found
                  | it on level 4 of the Lair of Beasts)
 17248 | Lair:4   | Identified the +9 trident "Ogre's Funeral" {vorpal, rElec
                  | rF+ Str-4 SInv} (You found it on level 4 of the Lair of
                  | Beasts)
 17296 | Lair:5   | Reached skill level 16 in Fighting
 17382 | Lair:5   | Reached skill level 1 in Polearms
 17555 | Lair:5   | Found a staircase to the Slime Pits.
 17556 | Lair:5   | Found a viscous altar of Jiyva.
 18366 | Lair:6   | Entered Level 6 of the Lair of Beasts
 18742 | Lair:5   | Gained mutation: Your large and strong wings let you fly
                  | indefinitely. [Gargoyle growth]
 18742 | Lair:5   | Reached XP level 14. HP: 18/100 MP: 19/19
 19815 | Lair:6   | Reached skill level 5 in Polearms
 20091 | Lair:6   | Got a slimy brass amulet
 20104 | Lair:6   | Identified the amulet "Tetusk" {Spirit MR- Int+7} (You
                  | found it on level 6 of the Lair of Beasts)
 21495 | Orc:1    | Entered Level 1 of the Orcish Mines
 21652 | Orc:1    | Gained mutation: Armour fits poorly on your strangely
                  | shaped body. [a neqoxec]
 21655 | Orc:1    | Gained mutation: You are dopey. (Int -2) [a neqoxec]
 21656 | Orc:1    | Gained mutation: You do not regenerate when monsters are
                  | visible. [a neqoxec]
 21865 | Orc:1    | Found Zenol's Jewellery Emporium.
 21891 | Orc:2    | Entered Level 2 of the Orcish Mines
 22377 | Orc:2    | Noticed a stone giant
 22385 | Orc:2    | Killed a stone giant
 23230 | Orc:2    | Found a roughly hewn altar of Beogh.
 23246 | Orc:2    | Received a gift from Trog
 23285 | Orc:2    | Found Vaunys's Distillery.
 23285 | Orc:2    | Found Astipeygod's Antique Armour Boutique.
 23303 | Orc:2    | Bought a potion of mutation for 112 gold pieces
 23312 | Orc:2    | Bought a glimmering plate armour for 812 gold pieces
 23322 | Orc:2    | Identified the cursed +0 plate armour "Sipiazxaen" {+Inv}
                  | (You bought it in a shop on level 2 of the Orcish Mines)
 23365 | Orc:2    | Found a staircase to the Elven Halls.
 23523 | Orc:2    | Found Afumuat's Antique Armour Emporium.
 23531 | Orc:2    | Bought a faintly glowing helmet for 266 gold pieces
 23532 | Orc:2    | Bought a pair of embroidered gloves for 210 gold pieces
 23542 | Orc:2    | Identified the +0 helmet "Woczij" {Int+2 Slay+3} (You
                  | bought it in a shop on level 2 of the Orcish Mines)
 23555 | Orc:2    | Found a roughly hewn altar of Beogh.
 23662 | Orc:2    | Found Xiecwoll's Armour Emporium.
 23678 | Orc:2    | Bought the +8 tower shield of the Tortoise {rC- rCorr
                  | Int+3} for 789 gold pieces
 23698 | Orc:2    | Found Elayl's Jewellery Boutique.
 24332 | D:12     | Found a frozen archway.
 24357 | IceCv    | Entered an ice cave
 24399 | IceCv    | Reached skill level 17 in Fighting
 24741 | IceCv    | Engulfed by an ice statue's freezing vapour

Illustrated notes

Levels and vault maps discovered:
D:1:      minmay_arrival_shattered_statue, layout_loops_ring
D:2:      layout_rooms, eat_drink_and_be_merry_uskayaw, first_ration,
          chequers_serial_rivers_large_b
D:3:      layout_rooms, chequers_ecumenical_altar_simple_redux, minmay_quantized
D:4:      layout_gridville, serial_glass, glass_columns_a, glass_columns_b,
          nrook_uturn
D:5:      layout_basic
D:6:      layout_cave_pools, zin_treasury, gammafunk_ghost_grave,
          minmay_chambers_of_fives, uniq_blork_the_orc, uniq_eustachio
D:7:      layout_basic, minmay_temple_entry_enclosed_plants
D:8:      layout_rooms, nicolae_overflow_crystal_walls,
          grunt_temple_overflow_open, david_nohive_1, kennysheep_path_1
D:9:      layout_rooms
D:10:     layout_basic, minmay_statue_bubble
D:11:     layout_basic, dpeg_oklobed_lair, david_orc_5, uniq_urug, uniq_sonja
D:12:     layout_long_grid, portal_ice_cave_entry_imps
Lair:1:   layout_roguey
Lair:2:   layout_long_grid, special_room [special_room_bee]
Lair:3:   layout_chaotic_city, guppyfry_snake_entry_island, hibernation_bobbens
Lair:4:   dragon1_lemuel, layout_long_grid, nicolae_swamp_entry_splash_gauntlet,
          roderic_carrion_pond, grunt_megastairs_5, lemuel_fruit_tree,
          infiniplex_staircase_pool_2
Lair:5:   layout_regular_city, slime_altar_1, serial_bayou_shore_a
Lair:6:   minmay_lair_end_frog_pond, layout_long_grid
Orc:1:    layout_caves, serial_shops, nicolae_shop_behind_doors, basic_altar,
          kennysheep_orc_chapel
Orc:2:    st_orc_town, layout_caves, serial_shops, shop, basic_altar
IceCv:    ice_cave_statue_garden_chambered

Skill      XL: |  1  2  3  4  5  6  7  8  9 10 11 12 13 14 |
---------------+-------------------------------------------+-----
Fighting       | 4 5 6 7 8 9 10 13 15 16 17 | 17.0
Armour         | 3 4 5 7 9 11 12 13 14 | 14.5
Shields        | 1 6 8 9 |  9.9
Evocations     | 2 4 5 6 7 |  7.9
Polearms       | 4 7 |  7.3
Maces & Flails | |  3.3
Dodging        | |  1.6

Action                   |  1- 3 |  4- 6 |  7- 9 | 10-12 | 13-15 || total
-------------------------+-------+-------+-------+-------+-------++-------
Melee: Mace              |   131 |    69 |       |       |       ||   200
       Hand axe          |       |    70 |   251 |   260 |       ||   581
       Quarterstaff      |       |       |       |   592 |   174 ||   766
       Trident           |       |       |       |       |   963 ||   963
Throw: Stone             |     6 |       |       |     1 |       ||     7
Invok: Berserk           |       |       |     3 |     2 |     1 ||     6
       Trog's Hand       |       |       |     1 |     2 |     4 ||     7
       Brothers in Arms  |       |       |       |     5 |     3 ||     8
 Abil: Fly               |       |       |       |       |     1 ||     1
Evoke: Wand              |       |       |       |    10 |     9 ||    19
  Use: Scroll            |       |       |    15 |    10 |    11 ||    36
       Potion            |       |       |     1 |     5 |     6 ||    12
 Stab: Sleeping          |       |       |       |     5 |       ||     5
  Eat: Chunk             |     2 |     8 |    11 |    23 |    30 ||    74
       Ration            |       |       |     1 |     2 |     2 ||     5
Armor: Animal skin       |    43 |       |       |       |       ||    43
       Ring mail         |    21 |    64 |    17 |       |       ||   102
       Chain mail        |       |       |    17 |       |       ||    17
       Scale mail        |       |       |   125 |   209 |       ||   334
       Troll leather arm |       |       |       |   152 |       ||   152
       Plate armour      |       |       |       |   483 |  1010 ||  1493
Dodge: Dodged            |   107 |    76 |   160 |   860 |   885 ||  2088
Block: Kite shield       |       |       |     4 |   212 |       ||   216
       Buckler           |       |       |       |       |   356 ||   356
       Tower shield      |       |       |       |       |   109 ||   109
